 Dungeon Crawl Stone Soup version 0.28.0-53-g5a82cb258f (webtiles) character file.

Game seed: 13736829245580028290

28 Zeld the Conjurer (level 2, 0/15 HPs)
             Began as a Deep Elf Conjurer on May 24, 2022.
             Killed from afar by Sigmund (7 damage)
             ... with a magic dart
             ... on level 2 of the Dungeon.
             The game lasted 00:01:35 (1776 turns).

Zeld the Conjurer (Deep Elf Conjurer)               Turns: 1776, Time: 00:01:36

Health: 0/15       AC:  4    Str:  4    XL:     2   Next: 96%
Magic:  3/8        EV: 12    Int: 22    God:
Gold:   39         SH:  0    Dex: 13    Spells: 5/8 levels left

rFire   . . .      SeeInvis .   (no weapon)
rCold   . . .      Faith    .   (no shield)
rNeg    . . .      Spirit   .   a - +0 robe
rPois   .          Reflect  .   h - +0 helmet
rElec   .          Harm     .   (no cloak)
rCorr   .          Rampage  .   c - +0 pair of gloves
Will    .....                   (no boots)
Stlth   ++........              (no amulet)
HPRegen 0.05/turn               (no ring)
MPRegen 0.11/turn               (no ring)

@: no status effects
A: no striking features
a: no special abilities


You were on level 2 of the Dungeon.
You visited 1 branch of the dungeon, and saw 2 of its levels.

You collected 39 gold pieces.

Inventory:

Armour
 a - a +0 robe (worn)
 c - a +0 pair of gloves (worn)
 h - a +0 helmet (worn)
Scrolls
 b - a scroll of enchant armour {unknown}
 d - a scroll of vulnerability {unknown}
 e - a scroll of magic mapping {unknown}
 g - a scroll of immolation {unknown}
Potions
 f - 2 potions of lignification {unknown}


   Skills:
 - Level 2.4 Dodging
 - Level 2.4 Stealth
 * Level 3.7 Spellcasting
 * Level 4.7 Conjurations
 + Level 1.2 Hexes
 + Level 1.1 Translocations


You had 5 spell levels left.
You knew the following spells:

 Your Spells              Type           Power      Damage    Failure   Level
a - Magic Dart            Conj           96%        1d7       1%          1
b - Searing Ray           Conj           48%        2d6       2%          2

Your spell library contained the following spells:

 Spells                   Type           Power      Damage    Failure   Level
 Dazzling Flash           Conj/Hex       34%        N/A       11%         3
 Fulminant Prism          Conj/Hex       8%         3d7       34%         4
 Iskenderun's Mystic Bla  Conj/Tloc      16%        2d5       34%         4


Dungeon Overview and Level Annotations

Branches:
Dungeon (2/15)

Altars:

Annotations:
D:2 Sigmund


Message History

There is a stone staircase leading up here.
Casting: Searing Ray (safe; 2% risk of failure)
Confirm with . or Enter, or press ? or * to list all spells.
You can't see any susceptible monsters within range! (Use Z to cast anyway.)
You hear some strange, mumbled words.
Something tries to affect you, but you resist.
Something barely misses you.
You climb upwards.
Reactivating autopickup.
There is a stone staircase leading down here.
You start waiting.
Done waiting.
You climb downwards.
Level annotation: Sigmund
There is a stone staircase leading up here.
Casting: Searing Ray (safe; 2% risk of failure)
Confirm with . or Enter, or press ? or * to list all spells.
Aiming: Searing Ray (safe; 2% risk of failure)
Press: ? - help, Shift-Dir - straight line, f - Sigmund
Aim: Sigmund, wielding a +0 scythe and wearing a +0 robe (77% to hit)
The searing ray misses Sigmund. (Press . to maintain the ray.) Sigmund closely misses you.
Unknown command.
The searing ray hits Sigmund.
Sigmund is lightly wounded.
The searing ray hits Sigmund.
Sigmund is moderately wounded.
Sigmund gestures at you while chanting. The puff of flame hits you!
Ouch! That really hurt!
The searing ray hits Sigmund!
Sigmund is heavily wounded.
You finish channelling your searing ray.
Sigmund mumbles some strange words.
Sigmund flickers and vanishes!
Deactivating autopickup; reactivate with Ctrl-A.
A magic dart appears from out of thin air!
The magic dart hits you!
You die...

#.# #.# #.# #.# #.#
#.# ##### #.##..>...
### ..#####@.#......
#.. .........{.# #.
#.# #.######.#.# #.#
#.# # #.# # #.#
#.#.# #รท# #.#
####.#.###.# ####.#
#.#
...........###....#.
##.## #.# ..#.####.
###...#### #S# #.#.#
#.. #.........


There were no monsters in sight!

Vanquished Creatures
  4 ball pythons
  2 bats (D:1)
  3 endoplasms (D:1)
  A giant cockroach (D:2)
  4 goblins
  3 hobgoblins (D:1)
  A quokka (D:1)
  A frilled lizard (D:2)
  2 kobolds (D:1)
  4 rats (D:1)
25 creatures vanquished.

Notes
Turn   | Place    | Note
-------+----------+-------------------------------------------
     0 | D:1      | Zeld the Deep Elf Conjurer began the quest for the Orb.
     0 | D:1      | Reached XP level 1. HP: 10/10 MP: 6/6
   178 | D:1      | Reached XP level 2. HP: 14/15 MP: 2/8
   186 | D:1      | Learned a level 2 spell: Searing Ray
   349 | D:1      | Reached skill level 1 in Translocations
   389 | D:1      | Found a faded altar of an unknown god.
   428 | D:1      | Reached skill level 1 in Hexes
   880 | D:2      | Noticed Sigmund
  1776 | D:2      | Killed from afar by Sigmund

Illustrated notes

Levels and vault maps discovered:
D:1:      dpeg_arrival_solitude, layout_rooms,
          shapermc_ecumenical_altar_flowoftime
D:2:      layout_loops_ring, uniq_sigmund, uniq_jessica

Skill      XL: |  1  2 |
---------------+-------+-----
Translocations | 1 |  1.1
Hexes          | 1 |  1.2
Dodging        | |  2.4
Stealth        | |  2.4
Spellcasting   | |  3.7
Conjurations   | |  4.7

Action                   || total
-------------------------++-------
 Cast: Magic Dart        ||    34
       Searing Ray       ||     4
Armor: Robe              ||     2
Dodge: Dodged            ||    13
